Map: [ESL] Alcyone

Players

Classic - Winner!

  • Race: Protoss Protoss
  • Spawn Location: 1:00

Spirit (souL)

  • Race: Terran Terran
  • League: Master
  • Spawn Location: 7:00

Event: IEM Katowice 2024

VOD

Have the link to the VOD?

Description

Time

  • Played on: Dec. 8, 2023, 2:59 p.m.
  • Length: 17:27

All games in this series

Show
View Real Time Build Order
Export as new Build Order

Classic Protoss - Winner!

Build Orders: 1 Gate Expand, Phoenix Opening, Carriers, Colossus Rush 

Get SALT Encoding   

  12  0:00  Probe  
  13  0:12  Probe  
  14  0:17  Pylon  
  14  0:24  Probe  
  15  0:35  Gateway  
  15  0:37  Probe (Chrono Boost)  
  16  0:46  Assimilator, Probe (Chrono Boost)  
  17  0:51  Probe (Chrono Boost)  
  18  1:03  Probe  
  19  1:15  Probe  
  20  1:22  Cybernetics Core  
  20  1:33  Nexus  
  20  1:40  Pylon  
  20  1:43  Probe  
  21  1:49  Assimilator  
  21  1:55  Probe  
  21  1:56  Adept (Chrono Boost)  
  24  2:08  Probe  
  25  2:18  Adept  
  25  2:20  Probe  
  28  2:28  Stargate  
  28  2:31  Warp Gate  
  28  2:32  Probe  
  29  2:44  Probe (Chrono Boost)  
  29  2:45  Probe (Chrono Boost)  
  29  2:48  Stalker  
  33  2:54  Probe (Chrono Boost)  
  33  2:55  Probe (Chrono Boost)  
  35  2:59  Probe (Chrono Boost)  
  35  3:00  Probe (Chrono Boost)  
  37  3:10  Probe  
  37  3:12  Probe  
  39  3:16  Phoenix  
  39  3:21  Pylon  
  39  3:22  Probe  
  39  3:24  Probe  
  41  3:30  Robotics Facility  
  41  3:32  Stalker  
  43  3:34  Probe  
  43  3:36  Probe  
  43  3:38  Assimilator  
  45  3:41  Gateway  
  45  3:47  Probe  
  47  3:48  Probe  
  47  3:49  Shield Battery  
  47  3:53  Pylon  
  47  3:59  Assimilator, Probe (Chrono Boost)  
  47  4:00  Probe (Chrono Boost)  
  49  4:09  Probe x2 (Chrono Boost)  
  51  4:14  Immortal (Chrono Boost), Probe x2 (Chrono Boost)  
  53  4:21  Robotics Bay  
  57  4:26  Pylon  
  57  4:28  Phoenix  
  59  4:40  Stalker  
  59  4:44  Pylon  
  61  4:47  Observer  
  62  4:55  Nexus  
  62  4:56  Phoenix  
  64  5:06  Probe x2  
  66  5:08  Pylon  
  66  5:09  Colossus (Chrono Boost)  
  72  5:18  Probe x2  
  72  5:20  Shield Battery  
  74  5:24  Extended Thermal Lance  
  74  5:26  Sentry  
  74  5:27  Observer  
  76  5:30  Pylon  
  76  5:32  Probe x2  
  78  5:36  Phoenix  
  78  5:38  Observer  
  80  5:43  Pylon  
  80  5:44  Probe x2  
  82  5:53  Colossus (Chrono Boost)  
  82  5:56  Probe x2  
  90  6:01  Phoenix  
  92  6:08  Probe x3  
  92  6:11  Gateway  
  95  6:13  Gateway  
  90  6:28  Probe x3  
  89  6:38  Colossus (Chrono Boost)  
  86  6:40  Probe x3  
  95  6:52  Probe x3  
  95  6:53  Sentry  
  95  6:54  Zealot  
  102  6:58  Pylon  
  102  6:59  Pylon  
  102  7:04  Assimilator, Probe x3  
  105  7:08  Assimilator  
  105  7:11  Twilight Council  
  105  7:15  Forge  
  105  7:16  Probe x2  
  105  7:17  Probe  
  108  7:25  Nexus  
  108  7:29  Pylon  
  108  7:31  Probe x3  
  111  7:41  Fleet Beacon  
  111  7:42  Stargate  
  111  7:44  Probe x2  
  111  7:48  Probe  
  114  7:56  Zealot x2  
  114  7:57  Protoss Ground Weapons Level 1  
  114  7:58  Blink  
  118  8:01  Pylon  
  118  8:08  Probe x3  
  118  8:11  Pylon  
  118  8:12  Pylon  
  121  8:13  Disruptor  
  124  8:20  Probe x3  
  124  8:24  Carrier (Chrono Boost)  
  124  8:26  Shield Battery  
  127  8:28  Pylon  
  127  8:31  Carrier (Chrono Boost)  
  133  8:39  Probe  
  133  8:40  Probe x3  
  143  8:42  Disruptor, Assimilator  
  143  8:45  Shield Battery  
  143  8:47  Assimilator  
  143  8:48  Photon Cannon  
  143  8:52  Photon Cannon  
  147  9:02  Probe x4  
  151  9:08  Protoss Air Weapons Level 1  
  151  9:09  Gateway  
  151  9:13  Gateway  
  151  9:14  Gateway  
  151  9:15  Gateway  
  151  9:23  Carrier (Chrono Boost)  
  151  9:26  Carrier (Chrono Boost)  
  163  9:32  Stalker x2  
  161  9:40  Zealot x2  
  153  10:01  Protoss Ground Weapons Level 2 (Chrono Boost), Pylon  
  153  10:11  Photon Cannon  
  159  10:19  Carrier, Mothership (Chrono Boost)  
  159  10:21  Probe x3 (Chrono Boost)  
  162  10:26  Carrier  
  162  10:27  Observer (Chrono Boost), Probe  
  162  10:34  Probe x2  
  170  10:39  Probe, Pylon  
  177  10:46  Probe  
  177  10:48  Immortal (Chrono Boost), Pylon  
  178  10:50  Pylon  
  182  11:00  Cybernetics Core  
  182  11:04  Stalker x3  
  186  11:05  Stalker  
  190  11:17  Stalker x3  
  196  11:31  Protoss Air Weapons Level 2 (Chrono Boost)  
  190  11:39  Photon Cannon  
  190  11:41  Stalker x3  
  190  11:42  Stalker x2  
  190  11:43  Shield Battery  
  190  11:44  Observer (Chrono Boost)  
  200  11:48  Nexus  
  200  12:22  Protoss Ground Weapons Level 3  
  187  12:32  Protoss Air Armor Level 1 (Chrono Boost)  
  167  12:38  Carrier (Chrono Boost), Disruptor (Chrono Boost)  
  167  12:39  Carrier (Chrono Boost)  
  151  12:46  Zealot x2  
  151  12:47  Zealot x6  
  151  12:49  Charge  
  117  13:00  Stargate  
  117  13:04  Probe x2  
  117  13:05  Probe x3  
  122  13:11  Robotics Facility, Colossus (Chrono Boost)  
  128  13:20  Sentry, Stalker  
  128  13:21  Stalker x5  
  128  13:25  Nexus  
  128  13:26  Pylon, Probe x4  
  128  13:27  Probe  
  147  13:32  Carrier (Chrono Boost)  
  153  13:39  Carrier (Chrono Boost)  
  153  13:43  Carrier (Chrono Boost)  
  165  13:54  Probe  
  163  14:15  Stalker  
  163  14:16  Carrier, Stalker  
  166  14:18  Colossus (Chrono Boost)  
  166  14:19  Photon Cannon  
  166  14:23  Carrier  
  184  14:31  Shield Battery  
  184  14:34  Mothership (Chrono Boost)  
  184  14:38  Stalker x2  
  192  14:49  Carrier  
  196  15:04  Warp Prism (Chrono Boost)  
  198  15:09  Observer (Chrono Boost)  
  191  15:37  Stalker x4  
  191  15:41  Pylon  
  191  15:47  Stalker x4  
  190  16:08  Stalker x4  
  198  16:18  Stalker  
  200  16:20  Nexus  
  200  16:24  Stalker x3  
  186  16:32  Stalker x3  
  176  16:52  Zealot x5  
  186  16:59  Pylon  
  164  17:11  Zealot x2  
  164  17:12  Zealot x6  
Show
View Real Time Build Order
Export as new Build Order

Spirit Terran 

Build Orders: Cyclone Opening 

Get SALT Encoding   

  12  0:00  SCV  
  13  0:12  SCV  
  14  0:16  Supply Depot  
  14  0:24  SCV  
  15  0:38  SCV  
  15  0:40  Barracks  
  16  0:44  Refinery  
  16  0:50  SCV  
  17  1:02  SCV  
  18  1:14  SCV  
  19  1:27  Orbital Command, Marine  
  20  1:48  Command Center  
  20  1:53  Factory, SCV  
  21  2:02  Supply Depot  
  21  2:05  Barracks Reactor, SCV  
  22  2:10  Refinery  
  22  2:17  SCV  
  23  2:29  SCV  
  26  2:37  Cyclone  
  26  2:41  SCV, Marine x2  
  29  2:50  Starport  
  29  2:53  SCV  
  29  2:59  Marine x2  
  30  3:06  SCV  
  30  3:10  Factory Tech Lab  
  31  3:21  SCV, Marine x2  
  31  3:22  Orbital Command  
  34  3:34  SCV  
  35  3:40  Banshee, Cloaking Field  
  35  3:41  Supply Depot  
  38  3:45  Marine x2  
  38  3:46  SCV  
  38  3:47  Bunker  
  38  3:48  SCV  
  42  3:50  Factory Tech Lab  
  42  3:58  SCV  
  42  4:00  SCV  
  44  4:10  SCV  
  44  4:11  Marine x2  
  44  4:12  SCV  
  44  4:17  Command Center  
  48  4:22  SCV  
  49  4:24  SCV  
  49  4:27  Supply Depot  
  49  4:30  Banshee  
  53  4:34  SCV  
  53  4:35  Supply Depot  
  54  4:48  Marine  
  54  4:49  SCV x2  
  59  4:54  Barracks  
  59  4:55  Barracks, Cyclone  
  59  4:57  Engineering Bay  
  58  5:01  SCV x2  
  58  5:05  Engineering Bay  
  58  5:06  Marine  
  61  5:13  SCV x2, Supply Depot  
  63  5:14  Refinery  
  63  5:17  Marine  
  64  5:25  Terran Infantry Weapons Level 1, SCV  
  64  5:27  Siege Tank  
  64  5:28  Starport Reactor  
  68  5:29  Missile Turret  
  68  5:32  Orbital Command  
  68  5:37  Missile Turret, SCV  
  68  5:42  Terran Infantry Armor Level 1  
  69  5:43  Barracks Tech Lab  
  69  5:48  SCV  
  70  5:51  Stimpack  
  70  5:52  Marauder  
  70  5:53  Marine x2  
  74  5:58  Refinery  
  74  6:03  Combat Shield  
  74  6:04  Barracks, Orbital Command  
  74  6:05  Barracks  
  74  6:07  SCV  
  74  6:09  SCV  
  76  6:14  Marauder x2  
  80  6:19  SCV  
  80  6:22  Medivac  
  80  6:23  Marine  
  80  6:24  SCV  
  85  6:28  Marine  
  85  6:31  SCV  
  87  6:35  SCV, Marauder x2  
  87  6:38  Medivac  
  92  6:40  SCV  
  92  6:41  Marine  
  92  6:42  Supply Depot  
  92  6:46  Supply Depot  
  93  6:55  Barracks Tech Lab  
  93  6:58  Supply Depot, Marine  
  93  6:59  Supply Depot, Marauder  
  93  7:02  Siege Tank, SCV x2, Marine, Marauder  
  93  7:04  SCV  
  93  7:05  Medivac  
  93  7:06  Bunker  
  104  7:08  Barracks Reactor  
  104  7:14  SCV x2  
  106  7:16  SCV, Refinery x2  
  106  7:17  Medivac  
  109  7:23  Marine  
  109  7:24  Supply Depot x2  
  109  7:26  SCV x2  
  109  7:27  Ghost Academy  
  109  7:28  SCV  
  113  7:31  Concussive Shells  
  113  7:33  Supply Depot  
  113  7:38  SCV x2, Starport  
  113  7:40  SCV  
  113  7:43  Marine  
  113  7:44  Factory Reactor, Marauder  
  119  7:46  Viking  
  119  7:50  Viking, SCV x2  
  119  7:51  Marine  
  124  7:52  SCV  
  124  7:56  Marine  
  124  7:57  Marauder  
  127  8:02  SCV  
  127  8:03  SCV  
  129  8:07  Marauder, Marine  
  130  8:16  Viking  
  131  8:20  Viking  
  131  8:22  SCV  
  131  8:23  Command Center, SCV  
  135  8:27  Armory  
  135  8:28  SCV  
  135  8:31  Marauder, Marine  
  137  8:34  SCV  
  137  8:35  SCV  
  137  8:37  Supply Depot  
  137  8:38  Supply Depot  
  137  8:40  SCV  
  140  8:46  Viking  
  146  8:50  Viking  
  146  8:51  SCV  
  146  8:55  Ghost x3  
  145  8:57  SCV  
  145  9:00  Supply Depot  
  152  9:04  Supply Depot  
  152  9:05  Marine  
  153  9:12  SCV  
  153  9:16  Terran Ship Weapons Level 1  
  154  9:23  Ghost  
  154  9:24  Ghost  
  154  9:26  Viking x2, Refinery  
  154  9:27  Refinery  
  154  9:28  Viking x2  
  166  9:44  Marauder, Marine  
  166  9:45  SCV, Marine  
  153  9:55  SCV x2  
  153  9:56  Viking x2  
  153  9:58  Viking x2, SCV  
  162  10:07  SCV x2  
  162  10:10  SCV  
  162  10:11  Ghost  
  160  10:19  SCV  
  160  10:20  Planetary Fortress, SCV  
  160  10:21  Marine x6  
  162  10:25  Terran Infantry Weapons Level 2  
  162  10:26  Viking  
  170  10:37  Armory  
  170  10:38  Ghost x2  
  170  10:39  Marine x2  
  170  10:40  Command Center  
  170  10:42  Viking  
  177  10:44  Viking  
  177  10:48  Viking  
  181  10:53  Ghost  
  183  11:02  Command Center  
  183  11:03  Unknown  
  183  11:05  Armory, Starport  
  183  11:11  Marauder  
  183  11:12  Marine  
  183  11:13  Marine  
  183  11:14  Marine  
  183  11:16  Viking x2  
  192  11:22  Viking x2  
  194  11:45  Starport Tech Lab  
  194  11:46  Viking x2  
  198  11:49  Terran Ship Weapons Level 2, Command Center  
  198  11:51  SCV  
  198  11:53  Planetary Fortress  
  199  11:57  Marauder x2  
  195  12:05  Marauder, Marine  
  198  12:35  Marine  
  198  12:36  Marauder  
  187  12:39  Marauder  
  187  12:41  Marine  
  187  12:42  Marauder  
  160  12:44  Marine  
  160  12:45  Marine  
  135  12:55  Medivac  
  135  12:56  Marine, Medivac x4  
  135  12:57  Marauder  
  135  12:58  Terran Vehicle And Ship Armor Level 1  
  137  13:00  Marauder  
  137  13:01  Marine  
  137  13:03  Marauder  
  142  13:07  SCV  
  142  13:08  Barracks x2, SCV  
  142  13:10  Barracks  
  142  13:12  Marine  
  144  13:14  SCV  
  144  13:17  Command Center  
  149  13:21  Terran Infantry Armor Level 2  
  149  13:22  Terran Infantry Weapons Level 3  
  157  13:31  Ghost x3, Marine  
  157  13:32  Marine  
  157  13:33  Marine  
  159  13:38  Orbital Command, Fusion Core  
  159  13:39  Planetary Fortress  
  159  13:44  Missile Turret  
  159  13:45  Sensor Tower  
  159  13:52  Fusion Core  
  159  13:55  Viking x5, Command Center  
  164  13:59  Ghost x2  
  164  14:00  Marauder  
  170  14:11  Barracks Tech Lab x3  
  170  14:18  Marine  
  170  14:21  Ghost  
  173  14:25  Viking x5  
  173  14:28  Ghost x2  
  173  14:29  Terran Ship Weapons Level 3  
  187  14:38  Advanced Ballistics  
  187  14:41  Orbital Command  
  187  14:42  Ghost  
  183  14:52  Ghost  
  183  14:54  Starport  
  194  15:02  Personal Cloaking  
  192  15:18  Liberator x5  
  192  15:19  Ghost  
  195  15:41  Ghost  
  197  15:46  Starport Tech Lab  
  197  15:48  Orbital Command  
  197  15:49  Starport  
  193  15:51  Refinery  
  193  16:01  Viking x4  
  191  16:09  Viking  
  191  16:17  Missile Turret  
  191  16:18  Missile Turret x2  
  188  16:23  Marine  
  188  16:24  Marauder  
  167  16:28  Nuke  
  167  16:29  Marauder  
  167  16:30  Marine  
  167  16:31  Viking x4, Marauder x2, Marine  
  131  16:35  Marauder, Marine  
  131  16:36  Marauder  
  131  16:39  Viking  
  116  16:41  Marine  
  116  16:45  Marauder  
  119  16:47  Siege Tank  
  119  16:48  Marine  
  119  16:49  Marine  
  119  16:50  Marauder  
  119  16:52  Marine, Marauder  
  119  16:53  Marauder  
  131  16:56  Marauder  
  131  16:58  Marauder  
  131  16:59  Marine  
  138  17:06  Marine  
  138  17:07  Marine  

Tags
 
Add a new tag
Caveats
  • Supply blocks, unpowered buildings, or Contaminate may cause inaccurate times.
  • Supply counts are checked every 10 seconds.